[Event "24th Barcelona Open-A 2019"]
[Site "Barcelona"]
[Date "2019.10.03"]
[Round "7.4"]
[White "Krishna Teja, N."]
[Black "Svane, Rasmus"]
[Result "0-1"]
[ECO "A05"]
[WhiteElo "2364"]
[BlackElo "2592"]
[Annotator "ChessBase"]
[PlyCount "100"]
[EventDate "2019.09.27"]
[EventType "swiss"]
[EventCountry "ESP"]
[SourceTitle "playchess.com"]
[Source "ChessBase"]
[SourceQuality "1"]
[TimeControl "5400+30"]

1. Nf3 Nf6 2. c4 b6 3. g3 Bb7 4. Bg2 g6 5. b3 Bg7 6. Bb2 O-O 7. O-O d6 8. d4 e6 9. Nc3 Ne4 10. Nd2 Nxc3 11. Bxc3 Bxg2 12. Kxg2 Qe7 13. Nf3 Nd7 14. e4 a6 15. Qe2 Rfb8 16. a4 c5 17. Qb2 Rb7 18. Rfd1 Rab8 19. b4 cxd4 20. Bxd4 e5 21. Be3 Rc8 22. Rac1 Rbc7 23. Qd2 Bf8 24. Qd5 h6 25. b5 a5 26. Nd2 Kh7 27. f3 h5 28. h4 Nc5 29. Bxc5 Rxc5 30. Qd3 Bh6 31. Rc2 Qe6 32. Rdc1 R5c7 33. Rd1 Kg8 34. Kf2 Kg7 35. Ke2 Kh7 36. Ke1 Bxd2+ 37. Rcxd2 Qh3 38. Qxd6 Qxg3+ 39. Ke2 Qh2+ 40. Ke3 Qf4+ 41. Ke2 Rxc4 42. Qxb6 Rxa4 43. Qe3 Qxh4 44. Rb1 Rac4 45. Qg1 Rc2 46. Rbd1 Qf4 47. b6 R8c3 48. Rxc2 Qxf3+ 49. Kd2 Qd3+ 50. Ke1 Qxc2 0-1

[Event "24th Barcelona Open-A 2019"]
[Site "Barcelona"]
[Date "2019.10.03"]
[Round "7.13"]
[White "Cruz, Jonathan"]
[Black "Veinberg, Nimrod"]
[Result "1-0"]
[ECO "C50"]
[WhiteElo "2409"]
[BlackElo "2411"]
[Annotator "NA"]
[PlyCount "73"]
[EventDate "2019.09.27"]
[EventType "swiss"]
[EventCountry "ESP"]
[SourceTitle "playchess.com"]
[Source "ChessBase"]
[SourceQuality "1"]
[TimeControl "5400+30"]

1. e4 e5 2. Nf3 Nc6 3. Bc4 Bc5 4. d3 Nf6 5. Nbd2 d6 6. c3 O-O 7. Nf1 Ne7 8. Ng3 Ng6 9. O-O h6 10. Be3 Bb6 11. a4 c6 12. Bb3 Be6 13. Bc2 d5 14. exd5 Bxd5 15. Re1 Re8 16. Nd2 Be6 17. Nf3 Bd5 18. Nd2 Be6 19. Nf3 Qc7 20. d4 Bg4 21. Bxg6 exd4 22. Bxd4 Bxd4 23. Qxd4 Bxf3 24. Bc2 Bg4 25. Rxe8+ Rxe8 26. Qxa7 c5 27. a5 g6 28. a6 Bc8 29. b4 Qc6 30. bxc5 Qd5 31. Ba4 Rd8 32. Qb6 Ng4 33. a7 Be6 34. c6 bxc6 35. Bxc6 Qd1+ 36. Nf1 Bc4 37. Qxd8+ 1-0

[Event "24th Barcelona Open-A 2019"]
[Site "Barcelona"]
[Date "2019.10.03"]
[Round "7.16"]
[White "Duran Vega, Sergio"]
[Black "Gomez Anadon, Daniel"]
[Result "1/2-1/2"]
[ECO "E04"]
[WhiteElo "2387"]
[BlackElo "2245"]
[Annotator "NA"]
[PlyCount "47"]
[EventDate "2019.09.27"]
[EventType "swiss"]
[EventCountry "ESP"]
[SourceTitle "playchess.com"]
[Source "ChessBase"]
[SourceQuality "1"]
[TimeControl "5400+30"]

1. d4 d5 2. c4 e6 3. Nf3 Nf6 4. g3 dxc4 5. Bg2 a6 6. O-O Nc6 7. e3 Rb8 8. Nfd2 Qd7 9. Nxc4 b5 10. Ncd2 Be7 11. Nc3 O-O 12. Nde4 Nxe4 13. Nxe4 Rd8 14. Qh5 Bb7 15. Bd2 f5 16. Ng5 Bxg5 17. Qxg5 Ne7 18. Bb4 Bxg2 19. Bxe7 Bxf1 20. Bxd8 Be2 21. Re1 Bf3 22. Qf4 Ba8 23. Bxc7 Rc8 24. Rc1 1/2-1/2

[Event "24th Barcelona Open-A 2019"]
[Site "Barcelona"]
[Date "2019.10.03"]
[Round "7.17"]
[White "Oliver Martinez-Fornes, Carlos"]
[Black "Cuhendi, Sean Winshand"]
[Result "0-1"]
[ECO "D07"]
[WhiteElo "2063"]
[BlackElo "2425"]
[Annotator "NA"]
[PlyCount "90"]
[EventDate "2019.09.27"]
[EventType "swiss"]
[EventCountry "ESP"]
[SourceTitle "playchess.com"]
[Source "ChessBase"]
[SourceQuality "1"]
[TimeControl "5400+30"]

1. d4 d5 2. c4 Nc6 3. Nf3 Bg4 4. Nc3 e6 5. e3 Nf6 6. h3 Bh5 7. a3 dxc4 8. Bxc4 Bd6 9. Be2 O-O 10. O-O a6 11. e4 Bxf3 12. Bxf3 Nxd4 13. Be3 Nxf3+ 14. Qxf3 Qe7 15. Rac1 Be5 16. b4 Rfd8 17. Bf4 Bxf4 18. Qxf4 e5 19. Qe3 Rd4 20. f3 Rad8 21. Rc2 c6 22. Na4 Nh5 23. Kh2 Rd3 24. Qc1 Nf4 25. g3 Ne6 26. Nc5 Nxc5 27. bxc5 h6 28. Rff2 R8d7 29. Kg2 Qd8 30. Qb2 R3d4 31. h4 Qa5 32. Rfe2 Qb5 33. Qa2 Rd3 34. Qa1 R7d4 35. Qa2 Qa4 36. Rcd2 Rxa3 37. Rxd4 Rxa2 38. Rxa4 Rxe2+ 39. Kh3 Rb2 40. Kg4 Rb3 41. h5 Kf8 42. f4 Rb5 43. Rc4 Ke7 44. Kf5 exf4 45. gxf4 b6 0-1

[Event "24th Barcelona Open-A 2019"]
[Site "Barcelona"]
[Date "2019.10.03"]
[Round "7.18"]
[White "Valenzuela Gomez, Fernando"]
[Black "Rahman, Masruri"]
[Result "1/2-1/2"]
[ECO "D26"]
[WhiteElo "2366"]
[BlackElo "2271"]
[Annotator "NA"]
[PlyCount "125"]
[EventDate "2019.09.27"]
[EventType "swiss"]
[EventCountry "ESP"]
[SourceTitle "playchess.com"]
[Source "ChessBase"]
[SourceQuality "1"]
[TimeControl "5400+30"]

1. Nf3 d5 2. d4 Nf6 3. c4 dxc4 4. e3 e6 5. Bxc4 a6 6. O-O c5 7. Nc3 b5 8. Bb3 Bb7 9. e4 cxd4 10. Nxd4 Nc6 11. Nxc6 Qxd1 12. Rxd1 Bxc6 13. f3 Bc5+ 14. Kf1 b4 15. Ba4 Rc8 16. Bxc6+ Rxc6 17. Na4 O-O 18. Nxc5 Rxc5 19. Bd2 a5 20. Rac1 Rxc1 21. Rxc1 Ra8 22. Rc7 Kf8 23. a3 bxa3 24. bxa3 Ne8 25. Rc5 a4 26. Bb4 Kg8 27. Ra5 Rxa5 28. Bxa5 f5 29. e5 f4 30. Ke2 Kf7 31. Kd3 g5 32. Kc4 Kg6 33. Kb5 Kf5 34. Bc3 h5 35. Kxa4 g4 36. Kb3 gxf3 37. gxf3 Kg5 38. a4 Kh4 39. Bd2 Kh3 40. Bxf4 Kg2 41. h4 Kxf3 42. Bg5 Ke4 43. Bf6 Kd5 44. Kb4 Kc6 45. Kc4 Nc7 46. a5 Nd5 47. Bg5 Nc7 48. Bd8 Nd5 49. a6 Nf4 50. Kd4 Ng6 51. Ke4 Nh8 52. Ba5 Ng6 53. Bd8 Nh8 54. Kd4 Nf7 55. Ba5 Nh8 56. Bd8 Nf7 57. a7 Kb7 58. Bb6 Nh8 59. Ke4 Ng6 60. Bf2 Ka8 61. Bd4 Nxh4 62. Kf4 Ng6+ 63. Kg5 1/2-1/2

[Event "24th Barcelona Open-A 2019"]
[Site "Barcelona"]
[Date "2019.10.03"]
[Round "7.19"]
[White "Palacin Martin, Ricardo"]
[Black "Garcia Ruiz, Adrian"]
[Result "1/2-1/2"]
[ECO "D37"]
[WhiteElo "1985"]
[BlackElo "1955"]
[Annotator "NA"]
[PlyCount "85"]
[EventDate "2019.09.27"]
[EventType "swiss"]
[EventCountry "ESP"]
[SourceTitle "playchess.com"]
[Source "ChessBase"]
[SourceQuality "1"]
[TimeControl "5400+30"]

1. d4 Nf6 2. c4 e6 3. Nc3 d5 4. Nf3 dxc4 5. e3 a6 6. a4 Bb4 7. Bd2 O-O 8. Bxc4 c5 9. O-O Nc6 10. dxc5 Bxc5 11. Qe2 b6 12. Rfd1 Qe7 13. e4 Ng4 14. Be1 Bb7 15. Rac1 Rfd8 16. Ba2 Rxd1 17. Nxd1 Qd6 18. Bc3 Rd8 19. h3 Nge5 20. Bb1 Nxf3+ 21. Qxf3 Nd4 22. Bxd4 Qxd4 23. Nc3 Qe5 24. Rd1 Bd6 25. g3 Rc8 26. Qe2 Bc5 27. Kh2 Bb4 28. Qd2 g6 29. Rc1 h5 30. Qf4 Qxf4 31. gxf4 Rc4 32. Ne2 Rxc1 33. Nxc1 Bd2 34. Ne2 Bc6 35. Bd3 Bxa4 36. Bxa6 f5 37. exf5 exf5 38. Kg3 Kg7 39. Bc4 Bc6 40. h4 Bb4 41. Nd4 Be4 42. Be2 Kf6 43. Bc4 1/2-1/2

[Event "24th Barcelona Open-A 2019"]
[Site "Barcelona"]
[Date "2019.10.03"]
[Round "7.20"]
[White "Vargas Drechsler, Carlos"]
[Black "Denisov, Denis A."]
[Result "1-0"]
[ECO "C65"]
[WhiteElo "1878"]
[BlackElo "2208"]
[Annotator "NA"]
[PlyCount "85"]
[EventDate "2019.09.27"]
[EventType "swiss"]
[EventCountry "ESP"]
[SourceTitle "playchess.com"]
[Source "ChessBase"]
[SourceQuality "1"]
[TimeControl "5400+30"]

1. e4 e5 2. Nf3 Nc6 3. Bb5 Nf6 4. d3 Bc5 5. Bxc6 dxc6 6. h3 O-O 7. Bg5 Qd6 8. Nbd2 Nd7 9. O-O Re8 10. Bh4 Qg6 11. Kh2 f6 12. g4 Qf7 13. Bg3 Nf8 14. c3 Ne6 15. b4 Bf8 16. Nc4 Rd8 17. Ncxe5 fxe5 18. Nxe5 Qe8 19. f4 Bd6 20. Nc4 g5 21. Nxd6 cxd6 22. f5 Nf8 23. Qb3+ Qf7 24. Qxf7+ Kxf7 25. d4 a5 26. a3 b6 27. e5 dxe5 28. dxe5 Rd2+ 29. Rf2 Rxf2+ 30. Bxf2 axb4 31. cxb4 b5 32. Bd4 Bd7 33. Bb2 Ke7 34. Rd1 Be8 35. Rd6 Ra7 36. Bc1 Bd7 37. Bxg5+ Kf7 38. Rf6+ Kg8 39. Bh6 Ng6 40. fxg6 hxg6 41. g5 Bf5 42. e6 Ra8 43. e7 1-0

[Event "24th Barcelona Open-A 2019"]
[Site "Barcelona"]
[Date "2019.10.04"]
[Round "8.1"]
[White "Perunovic, Milos"]
[Black "Donchenko, Alexander"]
[Result "1/2-1/2"]
[ECO "B12"]
[WhiteElo "2569"]
[BlackElo "2631"]
[Annotator "ChessBase"]
[PlyCount "57"]
[EventDate "2019.09.27"]
[EventType "swiss"]
[EventCountry "ESP"]
[SourceTitle "playchess.com"]
[Source "ChessBase"]
[SourceQuality "1"]
[TimeControl "5400+30"]

1. e4 c6 2. d4 d5 3. e5 Bf5 4. h4 h5 5. c4 e6 6. Nc3 Ne7 7. Nge2 Nd7 8. Ng3 Bg6 9. Bg5 Qb6 10. Rc1 Qxb2 11. Bd3 Bxd3 12. Qxd3 dxc4 13. Qxc4 Nb6 14. Qd3 Ned5 15. O-O Qa3 16. Rfd1 Nxc3 17. Rxc3 Qxa2 18. Rb3 Qa6 19. Qxa6 bxa6 20. Ra1 Nd5 21. Rb7 c5 22. dxc5 Bxc5 23. Ne4 Bb4 24. Nd6+ Bxd6 25. exd6 O-O 26. Rxa6 Nf6 27. Raxa7 Rxa7 28. Rxa7 Rd8 29. Ra5 1/2-1/2

[Event "24th Barcelona Open-A 2019"]
[Site "Barcelona"]
[Date "2019.10.04"]
[Round "8.2"]
[White "Svane, Rasmus"]
[Black "Gharamian, Tigran"]
[Result "1/2-1/2"]
[ECO "D35"]
[WhiteElo "2592"]
[BlackElo "2590"]
[Annotator "ChessBase"]
[PlyCount "34"]
[EventDate "2019.09.27"]
[EventType "swiss"]
[EventCountry "ESP"]
[SourceTitle "playchess.com"]
[Source "ChessBase"]
[SourceQuality "1"]
[TimeControl "5400+30"]

1. c4 e6 2. Nc3 d5 3. d4 Nf6 4. cxd5 exd5 5. Bg5 Be7 6. e3 c6 7. Qc2 Nbd7 8. Bd3 Nh5 9. Bxe7 Qxe7 10. O-O-O Nb6 11. Kb1 g6 12. h3 Be6 13. Nge2 Ng7 14. f3 Nf5 15. Qc1 O-O-O 16. Nf4 Kb8 17. g4 Nh4 1/2-1/2

[Event "24th Barcelona Open-A 2019"]
[Site "Barcelona"]
[Date "2019.10.04"]
[Round "8.3"]
[White "Kamsky, Gata"]
[Black "Del Rio De Angelis, Salvador G."]
[Result "1-0"]
[ECO "C00"]
[WhiteElo "2685"]
[BlackElo "2488"]
[Annotator "ChessBase"]
[PlyCount "87"]
[EventDate "2019.09.27"]
[EventType "swiss"]
[EventCountry "ESP"]
[SourceTitle "playchess.com"]
[Source "ChessBase"]
[SourceQuality "1"]
[TimeControl "5400+30"]

1. e4 e6 2. Qe2 c5 3. Nf3 Nc6 4. g3 d6 5. Bg2 Nf6 6. O-O Be7 7. c3 O-O 8. Rd1 b6 9. d4 cxd4 10. Nxd4 Nxd4 11. cxd4 a5 12. Nc3 Ba6 13. Qe1 Rc8 14. Bg5 Nd7 15. Be3 Qc7 16. a4 Rfe8 17. Rac1 Qb8 18. h3 Bf8 19. Kh2 Nf6 20. f3 Nd7 21. Qf2 Bc4 22. Bf1 Qb7 23. Bxc4 Rxc4 24. d5 Rec8 25. dxe6 fxe6 26. Rd4 Rxd4 27. Bxd4 Nc5 28. Rd1 Qc6 29. Qc2 Nd7 30. Qd3 Qc4 31. Kg2 Qb3 32. Rd2 Rc4 33. f4 Nc5 34. Bxc5 bxc5 35. Rf2 Rxa4 36. f5 Rd4 37. Qf3 e5 38. f6 Qf7 39. Nd5 gxf6 40. Nxf6+ Kh8 41. Qg4 Bh6 42. Qc8+ Qf8 43. Qd7 Qg7 44. Qe6 1-0

[Event "24th Barcelona Open-A 2019"]
[Site "Barcelona"]
[Date "2019.10.04"]
[Round "8.4"]
[White "Lagarde, Maxime"]
[Black "Semenov, Dmitri"]
[Result "1/2-1/2"]
[ECO "C46"]
[WhiteElo "2657"]
[BlackElo "2366"]
[Annotator "ChessBase"]
[PlyCount "100"]
[EventDate "2019.09.27"]
[EventType "swiss"]
[EventCountry "ESP"]
[SourceTitle "playchess.com"]
[Source "ChessBase"]
[SourceQuality "1"]
[TimeControl "5400+30"]

1. e4 e5 2. Nf3 Nc6 3. Nc3 Bc5 4. Nxe5 Nxe5 5. d4 Bd6 6. dxe5 Bxe5 7. Bd3 Ne7 8. Bg5 c6 9. Qd2 h6 10. Be3 d5 11. O-O-O Qa5 12. exd5 Bxc3 13. Qxc3 Qxc3 14. bxc3 Nxd5 15. Bc5 Be6 16. Rhe1 b6 17. Ba3 O-O-O 18. Bb2 Kb7 19. c4 Nb4 20. Bxg7 Rhg8 21. Bf6 Nxd3+ 22. cxd3 Rde8 23. Bh4 Bf5 24. Kd2 c5 25. Re3 Rxe3 26. Kxe3 Re8+ 27. Kf3 a6 28. g4 Bg6 29. a4 Kc6 30. Bg3 h5 31. h3 Re6 32. Kf4 hxg4 33. Kxg4 Re8 34. h4 Rh8 35. Rd2 Rg8 36. Kg5 Rh8 37. Kf6 Rd8 38. f4 Rd6+ 39. Kg5 Bxd3 40. f5 f6+ 41. Kh6 Rd4 42. Bf2 Rd7 43. h5 Bxf5 44. Rxd7 Kxd7 45. Kg7 Kc6 46. Kxf6 Bd3 47. h6 b5 48. axb5+ axb5 49. cxb5+ Kxb5 50. Bxc5 Kxc5 1/2-1/2

[Event "24th Barcelona Open-A 2019"]
[Site "Barcelona"]
[Date "2019.10.04"]
[Round "8.5"]
[White "Sosa, Tomas"]
[Black "Firman, Nazar"]
[Result "1-0"]
[ECO "C04"]
[WhiteElo "2524"]
[BlackElo "2495"]
[Annotator "ChessBase"]
[PlyCount "53"]
[EventDate "2019.09.27"]
[EventType "swiss"]
[EventCountry "ESP"]
[SourceTitle "playchess.com"]
[Source "ChessBase"]
[SourceQuality "1"]
[TimeControl "5400+30"]

1. e4 e6 2. d4 d5 3. Nd2 Nc6 4. Ngf3 Nf6 5. e5 Nd7 6. Be2 f6 7. exf6 Qxf6 8. Nf1 Bd6 9. Ne3 Nb6 10. O-O Bd7 11. Ng4 Qf5 12. Nh4 Qf8 13. Bg5 Nc8 14. f4 Nxd4 15. Ne5 Nxe2+ 16. Qxe2 Ne7 17. f5 exf5 18. Nxd7 Kxd7 19. Rae1 Re8 20. Qe6+ Kc6 21. Nf3 Kb6 22. Ne5 Qg8 23. Nf7 h6 24. Be3+ Ka6 25. Rf4 b5 26. a4 b4 27. Qd7 1-0

[Event "24th Barcelona Open-A 2019"]
[Site "Barcelona"]
[Date "2019.10.04"]
[Round "8.6"]
[White "Edouard, Romain"]
[Black "Ladron De Guevara Pinto, Paolo"]
[Result "1-0"]
[ECO "A14"]
[WhiteElo "2640"]
[BlackElo "2447"]
[Annotator "ChessBase"]
[PlyCount "67"]
[EventDate "2019.09.27"]
[EventType "swiss"]
[EventCountry "ESP"]
[SourceTitle "playchess.com"]
[Source "ChessBase"]
[SourceQuality "1"]
[TimeControl "5400+30"]

1. c4 e6 2. g3 d5 3. Bg2 Nf6 4. Nf3 Be7 5. O-O O-O 6. d4 dxc4 7. Qc2 b5 8. a4 b4 9. Nfd2 Nd5 10. Nxc4 Ba6 11. Rd1 c5 12. e4 Nf6 13. d5 Bxc4 14. Qxc4 Nc6 15. Bf4 e5 16. Qf1 exf4 17. dxc6 Qc7 18. Nd2 Ng4 19. Nc4 fxg3 20. hxg3 Qxc6 21. e5 Qh6 22. Qe2 Qh2+ 23. Kf1 Qh5 24. Bxa8 Rxa8 25. Qe4 Rf8 26. Rd5 Nh2+ 27. Kg2 Ng4 28. Qf3 f5 29. Rh1 Qg6 30. Qd3 f4 31. Qxg6 f3+ 32. Kf1 hxg6 33. Rd7 Kf7 34. Rh4 1-0

[Event "24th Barcelona Open-A 2019"]
[Site "Barcelona"]
[Date "2019.10.04"]
[Round "8.7"]
[White "Ivanisevic, Ivan"]
[Black "Krishna Teja, N."]
[Result "1-0"]
[ECO "A36"]
[WhiteElo "2618"]
[BlackElo "2364"]
[Annotator "ChessBase"]
[PlyCount "197"]
[EventDate "2019.09.27"]
[EventType "swiss"]
[EventCountry "ESP"]
[SourceTitle "playchess.com"]
[Source "ChessBase"]
[SourceQuality "1"]
[TimeControl "5400+30"]

1. c4 c5 2. g3 g6 3. Bg2 Bg7 4. Nc3 Nc6 5. b3 b6 6. Bb2 Bb7 7. Qb1 d6 8. Nd5 e5 9. f4 Nge7 10. e3 Nxd5 11. Bxd5 Qd7 12. Nf3 Ne7 13. Bxb7 Qxb7 14. O-O f6 15. d4 O-O 16. d5 b5 17. Bc3 a5 18. a4 b4 19. Bb2 Qd7 20. Qd3 Qf5 21. e4 Qg4 22. Nh4 g5 23. Ng2 Qh3 24. Rf3 Rf7 25. Raf1 Raf8 26. g4 Qxg4 27. f5 Ng6 28. Rg3 Qh5 29. fxg6 hxg6 30. Bc1 g4 31. h3 f5 32. Qd1 Qh7 33. hxg4 f4 34. Rgf3 g5 35. Qd3 Rf6 36. Rh3 Rh6 37. Rxh6 Qxh6 38. Rf3 Kf7 39. Rh3 Qg6 40. Rh5 Rh8 41. Qf3 Bf6 42. Ne1 Rc8 43. Nd3 Kg7 44. Bd2 Rc7 45. Nf2 Rc8 46. Qh1 Be7 47. Kg2 Bf6 48. Kf3 Be7 49. Nd3 Bf6 50. Bc1 Be7 51. Bb2 Bf6 52. Qg1 Rc7 53. Bc1 Rc8 54. Bd2 Be7 55. Be1 Rh8 56. Qh2 Rxh5 57. Qxh5 Bd8 58. Bd2 Be7 59. Bc1 Bd8 60. Bb2 Bf6 61. Bc1 Be7 62. Bd2 Bd8 63. Be1 Bc7 64. Bf2 Bb6 65. Bg1 Ba7 66. Nf2 Bb6 67. Ke2 Bc7 68. Qh1 Bd8 69. Nd3 Bb6 70. Bf2 Ba7 71. Kd2 Bb6 72. Ne1 Qh7 73. Qg2 Kf6 74. Kd3 Kg6 75. Nf3 Qh8 76. Be1 Bd8 77. Bd2 Bc7 78. Kc2 Bd8 79. Ne1 Bb6 80. Nd3 Bc7 81. Be1 Bb6 82. Bf2 Kf6 83. Kd1 Kg6 84. Ke2 Kf6 85. Ne1 Qh7 86. Kf1 Qh8 87. Nf3 Kg6 88. Kg1 Ba7 89. Bh4 gxh4 90. g5 Qh5 91. Qh3 Bb8 92. Kf2 Kg7 93. Qd7+ Kg8 94. Qc8+ Kg7 95. Qb7+ Qf7 96. Qxb8 Qd7 97. Nxh4 Qh3 98. Nf5+ Kf7 99. Qc7+ 1-0

[Event "24th Barcelona Open-A 2019"]
[Site "Barcelona"]
[Date "2019.10.04"]
[Round "8.8"]
[White "Perez Mitjans, Orelvis"]
[Black "Moussard, Jules"]
[Result "1-0"]
[ECO "B52"]
[WhiteElo "2409"]
[BlackElo "2608"]
[Annotator "ChessBase"]
[PlyCount "87"]
[EventDate "2019.09.27"]
[EventType "swiss"]
[EventCountry "ESP"]
[SourceTitle "playchess.com"]
[Source "ChessBase"]
[SourceQuality "1"]
[TimeControl "5400+30"]

1. e4 c5 2. Nf3 d6 3. Bb5+ Bd7 4. Bxd7+ Nxd7 5. c4 Ngf6 6. O-O Nxe4 7. d4 e6 8. dxc5 Nexc5 9. Nc3 Nf6 10. b4 Nce4 11. Nxe4 Nxe4 12. Bb2 Nf6 13. Bxf6 gxf6 14. Nd4 Qd7 15. Qh5 O-O-O 16. Rfd1 Kb8 17. c5 e5 18. Nf5 d5 19. Rac1 Rc8 20. a3 d4 21. h4 h6 22. g3 Rg8 23. Rb1 Rg6 24. Rbc1 Qc6 25. Qe2 Qe6 26. Qf3 e4 27. Qf4+ Qe5 28. Kf1 Qxf4 29. gxf4 Rg4 30. Rxd4 Rxf4 31. Rd5 a5 32. b5 e3 33. Nxe3 Rxh4 34. Rc3 Ra4 35. c6 bxc6 36. bxc6 Rxa3 37. Rb5+ Kc7 38. Rb7+ Kd8 39. Rc4 Rd3 40. Rg4 Rxc6 41. Rg8 Rd7 42. Rxf8+ Ke7 43. Nf5+ Ke6 44. Re8+ 1-0

[Event "24th Barcelona Open-A 2019"]
[Site "Barcelona"]
[Date "2019.10.04"]
[Round "8.9"]
[White "Shevchenko, Kirill"]
[Black "Cruz, Jonathan"]
[Result "1-0"]
[ECO "C96"]
[WhiteElo "2541"]
[BlackElo "2409"]
[Annotator "ChessBase"]
[PlyCount "87"]
[EventDate "2019.09.27"]
[EventType "swiss"]
[EventCountry "ESP"]
[SourceTitle "playchess.com"]
[Source "ChessBase"]
[SourceQuality "1"]
[TimeControl "5400+30"]

1. e4 e5 2. Nf3 Nc6 3. Bb5 a6 4. Ba4 Nf6 5. O-O Be7 6. Re1 b5 7. Bb3 d6 8. c3 O-O 9. h3 Na5 10. Bc2 c5 11. d4 Nd7 12. d5 Nb6 13. Nbd2 Bd7 14. Nf1 f5 15. exf5 Bxf5 16. Bxf5 Rxf5 17. Ne3 Rf7 18. Nd2 Bg5 19. Ne4 Bf4 20. b3 c4 21. g3 Bh6 22. Ba3 Bxe3 23. Rxe3 Nb7 24. Rf3 Rxf3 25. Qxf3 Qd7 26. Rd1 a5 27. Qe3 Qc7 28. Ng5 Nd8 29. Ne6 Nxe6 30. dxe6 b4 31. cxb4 a4 32. b5 d5 33. Bc5 d4 34. Bxb6 Qxb6 35. Qxe5 axb3 36. axb3 c3 37. e7 Re8 38. Qd5+ Kh8 39. Qf7 Qb8 40. Rxd4 c2 41. Rc4 h6 42. Rxc2 Qxb5 43. Rd2 Kh7 44. Rd8 1-0

[Event "24th Barcelona Open-A 2019"]
[Site "Barcelona"]
[Date "2019.10.04"]
[Round "8.10"]
[White "Aroshidze, Levan"]
[Black "Bharath Subramaniyam H"]
[Result "1/2-1/2"]
[ECO "B33"]
[WhiteElo "2517"]
[BlackElo "2417"]
[Annotator "ChessBase"]
[PlyCount "75"]
[EventDate "2019.09.27"]
[EventType "swiss"]
[EventCountry "ESP"]
[SourceTitle "playchess.com"]
[Source "ChessBase"]
[SourceQuality "1"]
[TimeControl "5400+30"]

1. e4 c5 2. Nf3 Nc6 3. d4 cxd4 4. Nxd4 Nf6 5. Nc3 e5 6. Ndb5 d6 7. Bg5 a6 8. Na3 b5 9. Nd5 Be7 10. Bxf6 Bxf6 11. c4 b4 12. Nc2 O-O 13. g3 Bg5 14. Bg2 Qa5 15. O-O Qc5 16. Qd3 Be6 17. h4 Bd8 18. Rfd1 Bb6 19. Qe2 Rad8 20. Rd2 Ba7 21. b3 a5 22. Nc7 a4 23. Nb5 Na5 24. Ne3 axb3 25. axb3 Nxb3 26. Rxa7 Nxd2 27. Rc7 Bxc4 28. Qxd2 Qxb5 29. Rxc4 Rb8 30. Bf1 b3 31. Qb2 Qa5 32. Rc1 Qa2 33. Qxa2 bxa2 34. Ra1 Rb2 35. Nc4 Rc2 36. Ne3 Rb2 37. Nc4 Rc2 38. Ne3 1/2-1/2

[Event "24th Barcelona Open-A 2019"]
[Site "Barcelona"]
[Date "2019.10.04"]
[Round "8.11"]
[White "Priasmoro, Novendra"]
[Black "Song, Raymond"]
[Result "1-0"]
[ECO "B27"]
[WhiteElo "2484"]
[BlackElo "2456"]
[Annotator "ChessBase"]
[PlyCount "141"]
[EventDate "2019.09.27"]
[EventType "swiss"]
[EventCountry "ESP"]
[SourceTitle "playchess.com"]
[Source "ChessBase"]
[SourceQuality "1"]
[TimeControl "5400+30"]

1. e4 c5 2. Nf3 g6 3. c3 d5 4. e5 Nc6 5. d4 cxd4 6. cxd4 Bg4 7. Bb5 Rc8 8. O-O a6 9. Bxc6+ Rxc6 10. h3 Rxc1 11. Qxc1 Bxf3 12. gxf3 Bh6 13. f4 e6 14. Nc3 Ne7 15. Ne2 O-O 16. Qc3 f6 17. Kh2 Nf5 18. Rg1 fxe5 19. dxe5 Qb6 20. Raf1 Qb5 21. Qc2 Ne7 22. a4 Qb4 23. Rg4 Rc8 24. Qd3 Nf5 25. b3 Kf7 26. Rfg1 Bf8 27. Kh1 Be7 28. Rd1 Qb6 29. Rf1 Rc6 30. Rgg1 Qb4 31. Rc1 Bc5 32. Rgf1 Ke7 33. Rc3 Kd7 34. Qc2 Nd4 35. Nxd4 Qxd4 36. Rc1 b6 37. Rc4 dxc4 38. Rd1 c3 39. Rxd4+ Bxd4 40. Kg2 b5 41. axb5 axb5 42. Kf3 b4 43. h4 Bb6 44. h5 Kc8 45. hxg6 hxg6 46. Ke2 Kb8 47. Kd1 Rc7 48. Kc1 Ka7 49. Qa2+ Kb7 50. Qa4 c2 51. Qxb4 Rc5 52. Qe4+ Rc6 53. b4 Kc7 54. b5 Rc3 55. Qb4 Rc5 56. Qd4 Kb7 57. Qe4+ Ka7 58. Qxg6 Rc7 59. Qxe6 Bxf2 60. Qb3 Kb6 61. f5 Bh4 62. Qe3+ Kxb5 63. f6 Rc5 64. Qh6 Be1 65. f7 Bb4 66. Qe3 Rc7 67. Qb3 Ka5 68. Qxb4+ Kxb4 69. f8=Q+ Kc3 70. Qa3+ Kc4 71. Qd6 {[%emt 0:00:08] Kd5} 1-0

[Event "24th Barcelona Open-A 2019"]
[Site "Barcelona"]
[Date "2019.10.04"]
[Round "8.12"]
[White "Cuhendi, Sean Winshand"]
[Black "Vehi Bach, Victor Manuel"]
[Result "1-0"]
[ECO "B80"]
[WhiteElo "2425"]
[BlackElo "2331"]
[Annotator "NA"]
[PlyCount "79"]
[EventDate "2019.09.27"]
[EventType "swiss"]
[EventCountry "ESP"]
[SourceTitle "playchess.com"]
[Source "ChessBase"]
[SourceQuality "1"]
[TimeControl "5400+30"]

1. e4 c5 2. Nf3 e6 3. d4 cxd4 4. Nxd4 Nf6 5. Nc3 d6 6. Be3 Be7 7. g4 h5 8. gxh5 Rxh5 9. Be2 Rh3 10. Qd2 a6 11. O-O-O b5 12. f3 Bb7 13. Rhg1 g6 14. Bd3 e5 15. Qg2 Rh8 16. Nb3 Nbd7 17. f4 Qc7 18. Kb1 O-O-O 19. Qe2 Nc5 20. a4 Nxa4 21. Nxa4 bxa4 22. Nd2 d5 23. fxe5 Nxe4 24. Nxe4 dxe4 25. Bxa6 Qc6 26. Bb5 Qe6 27. Bxa4 Rxd1+ 28. Rxd1 Rd8 29. Rxd8+ Bxd8 30. Bb3 Bd5 31. Bxd5 Qxd5 32. Qg4+ Kb7 33. e6 fxe6 34. Qxg6 Kc6 35. Qe8+ Kb7 36. Qa4 Bf6 37. h3 Qe5 38. Qd7+ Kb8 39. c3 Qd5 40. Bf4+ 1-0

[Event "24th Barcelona Open-A 2019"]
[Site "Barcelona"]
[Date "2019.10.04"]
[Round "8.13"]
[White "Gomez Anadon, Daniel"]
[Black "Herraiz Hidalgo, Herminio"]
[Result "1/2-1/2"]
[ECO "C00"]
[WhiteElo "2245"]
[BlackElo "2410"]
[Annotator "NA"]
[PlyCount "34"]
[EventDate "2019.09.27"]
[EventType "swiss"]
[EventCountry "ESP"]
[SourceTitle "playchess.com"]
[Source "ChessBase"]
[SourceQuality "1"]
[TimeControl "5400+30"]

1. e4 e6 2. d3 c5 3. Nf3 Nc6 4. g3 g6 5. Bg2 Bg7 6. O-O Nge7 7. c3 O-O 8. d4 cxd4 9. cxd4 d5 10. e5 Bd7 11. Nc3 a6 12. Re1 f6 13. exf6 Rxf6 14. Bg5 Rf7 15. Qd2 Qf8 16. Bf4 h6 17. Ne5 Nxe5 1/2-1/2

[Event "24th Barcelona Open-A 2019"]
[Site "Barcelona"]
[Date "2019.10.04"]
[Round "8.14"]
[White "Ayats Llobera, Gerard"]
[Black "Purnama, Tirta Chandra"]
[Result "1/2-1/2"]
[ECO "A05"]
[WhiteElo "2384"]
[BlackElo "2300"]
[Annotator "NA"]
[PlyCount "109"]
[EventDate "2019.09.27"]
[EventType "swiss"]
[EventCountry "ESP"]
[SourceTitle "playchess.com"]
[Source "ChessBase"]
[SourceQuality "1"]
[TimeControl "5400+30"]

1. Nf3 Nf6 2. g3 g6 3. b3 Bg7 4. Bb2 d6 5. d4 O-O 6. Bg2 e5 7. dxe5 Nfd7 8. O-O Nc6 9. Qc1 dxe5 10. Nc3 Re8 11. Rd1 e4 12. Nd2 e3 13. fxe3 Nce5 14. Nd5 f5 15. Nf4 c6 16. Bd4 Qe7 17. h3 Nf6 18. Qb2 Ned7 19. b4 g5 20. Nd3 Nh5 21. Nf1 Ndf6 22. b5 Be6 23. bxc6 bxc6 24. Qb4 Qxb4 25. Nxb4 Ne4 26. Bxe4 fxe4 27. g4 Bxd4 28. exd4 Nf4 29. Nxc6 Nxh3+ 30. Kg2 Nf4+ 31. Kf2 Rac8 32. Ne5 Rxc2 33. Rd2 Rec8 34. Rad1 Bxa2 35. Ng3 Bd5 36. Nf5 Rxd2 37. Rxd2 Kf8 38. Nd7+ Ke8 39. Nf6+ Kd8 40. Nxh7 a5 41. Nxg5 a4 42. Ne3 Bb3 43. Nxe4 a3 44. Nc5 Bf7 45. Nc2 a2 46. Na1 Rb8 47. d5 Ke7 48. e4 Kd6 49. Ncb3 Ke5 50. Kf3 Rc8 51. Rxa2 Rc3+ 52. Kf2 Kxe4 53. Nd2+ Ke5 54. Ra5 Bxd5 55. Nab3 1/2-1/2